cohdb
Replays
Latest Replays
All Replays
Popular Replays
Top Player Replays
Match Explorer
How It Works
Community
CoH3 Stats
Reddit
Sign in to upload your games and track your stats! →
Sign in with Steam
Match 44439192
Unlisted
Match 44439192
Overview
Messages
Build Orders
End
Panzergrenadier Squad
Panzergrenadier Squad
250 Light Carrier
Construct Light Support Kompanie
MG34 Team
Panzerjäger Squad
Construct Mechanized Kompanie
254 Reconnaissance Tractor
Selects Panzerjäger Kommand Battlegroup
Selects Tank Busters
Panzerjäger Mechanized Group
2.5-tonne Medical Truck
Selects Mine Fields
Selects Defensive Positions
Selects Butterfly Bomb Drop
Construct Panzerarmee Kommand
Armored Reserves
Emergency Repair Kits
Panzerjäger Squad
MG34 Team
Selects Crew Shock Tactics
Selects Anti-tank Overwatch
Tiger Heavy Tank
Rapid Advance
Vehicle Survival Package
Tungsten Core Ammunition
Panzer III L Medium Tank
Panzerpioneer Squad
Walking Stuka Rocket Launcher
254 Reconnaissance Tractor
Walking Stuka Rocket Launcher
Advanced Optics
Combat Half-tracks
Advanced Field Repairs
Anti-tank Overwatch
[EC] tribecalledbrett
Alex Caesar
[EC] Comrade Sniper
ZyAcroQC
De.Richelieu
Cheese&Bread
0
0
Comments
sign in to comment!
No comments posted yet!